 Dungeon Crawl Stone Soup version 0.31-a0-771-g505c3d19dc (webtiles) character file.

Game seed: 4089808747586161601

519 cforsyth the Trooper (level 7, 0/56 HPs)
             Began as a Djinni Delver on Sept 16, 2023.
             Slain by a black bear (6 damage)
             ... on level 4 of the Dungeon.
             The game lasted 00:04:21 (2803 turns).

cforsyth the Trooper (Djinni Delver)                Turns: 2803, Time: 00:04:22

Health: 0/56       AC:  4    Str: 11    XL:     7   Next: 45%
Gold:   63         EV: 12    Int: 13    God:
                   SH:  0    Dex: 15

rFire   + + .        a - +0 falchion
rCold   x . .        (no shield)
rNeg    . . .        b - +0 leather armour
rPois   ∞            (no helmet)
rElec   .            (no cloak)
rCorr   .            k - +0 pair of gloves
SInv    .            (boots unavailable)
Will    .....        (no amulet)
Stlth   ++           (no ring)
HPRegen 0.29/turn    (no ring)
MPRegen 0.00/turn

%: infuse magic (-1 HP)
@: flying, very slightly contaminated
A: sickness immunity, fire resistance 2, cold vulnerability 1, float, innate
caster, HP casting, extra vitality 1
a: no special abilities


You were on level 4 of the Dungeon.
You visited 1 branch of the dungeon, and saw 2 of its levels.

You collected 63 gold pieces.

Inventory:

Hand Weapons
 a - a +0 falchion (weapon)
Armour
 b - a +0 leather armour (worn)
 k - a +0 pair of gloves (worn)
Jewellery
 j - a ring of fire
Wands
 g - a wand of digging (3)
Scrolls
 c - a scroll of fog
 d - a scroll of revelation
 e - a scroll of enchant weapon {unknown}
 h - 2 scrolls of identify {unknown}
 i - a scroll of immolation {unknown}
Potions
 f - a potion of haste


   Skills:
 + Level 6.0 Fighting
 - Level 1.7 Long Blades
 - Level 2.1 Dodging
 - Level 4.1 Stealth
 + Level 3.6 Spellcasting
 + Level 3.6 Conjurations
 + Level 3.6 Hexes
   Level 0.0 Charms
 + Level 3.6 Summonings
 + Level 3.6 Necromancy
 + Level 3.6 Translocations
 + Level 3.6 Transmutations
 + Level 3.6 Fire Magic
 + Level 3.6 Ice Magic
 + Level 3.6 Air Magic
 + Level 3.6 Earth Magic
 + Level 3.6 Poison Magic


You knew the following spells:

 Your Spells              Type           Power      Damage    Failure   Level
a - Slow                  Hex            44%        N/A       6%          1
b - Poisonous Vapours     Pois/Air       22%        N/A       10%         2
c - Mephitic Cloud        Conj/Pois/Air  11%        N/A       19%         3
Your spell library was empty.

Dungeon Overview and Level Annotations

Branches:
Dungeon (5/15)
 Temple: D:4-7

Altars:

Annotations:
D:4 3 runed translucent doors, cforsyth's ghost, weakling DjDe


Innate Abilities, Weirdness & Mutations

You are immune to sickness and miasma.
You are immune to poison.
Your flesh is very heat resistant. (rF++)
You are vulnerable to cold. (rC-)
You float through the air rather than walking.
You learn spells naturally, not from books.
Your magical power is your life essence.
You have superior vitality. (+4 MHP)


Message History

Casting: Poisonous Vapours (safe; 10% risk of failure)
Confirm with . or Enter, or press ? or * to list all spells.
Aiming: Poisonous Vapours (safe; 10% risk of failure)
Press: ? - help, Dir - move target, f/p - black bear
Aim: a black bear (heavily wounded, very poisoned)
You miscast Poisonous Vapours.
You are very lightly contaminated with residual magic.
Nothing appears to happen.
The black bear bites you but does no damage.
The black bear claws you but does no damage. x2
Casting: Poisonous Vapours (safe; 10% risk of failure)
Confirm with . or Enter, or press ? or * to list all spells.
Aiming: Poisonous Vapours (safe; 10% risk of failure)
Press: ? - help, Dir - move target, f/p - black bear
Aim: a black bear (heavily wounded, very poisoned) Poisonous vapours surround the black bear!
The black bear looks as sick as possible!
The black bear misses you. The black bear claws you. x2
The black bear attacks as it pursues you!
The black bear bites you. The black bear closely misses you.
The black bear claws you but does no damage.
The black bear attacks as it pursues you!
The black bear closely misses you. The black bear misses you.
The black bear claws you but does no damage.
Casting: Poisonous Vapours (safe; 10% risk of failure)
Confirm with . or Enter, or press ? or * to list all spells.
Aiming: Poisonous Vapours (safe; 10% risk of failure)
Press: ? - help, Dir - move target, f/p - black bear
Aim: a black bear (severely wounded, very poisoned) Poisonous vapours surround the black bear!
The black bear looks as sick as possible!
The black bear goes berserk!
You hit the black bear.
The black bear is severely wounded.
The black bear bites you!
* * * LOW HITPOINT WARNING * * *
The black bear claws you.
* * * LOW HITPOINT WARNING * * *
The black bear claws you.
You die...

####.## ##.# ##.....## #.#
#######.# ##...## #.#
#.....#.#### ##'## #.#
#.###.....<# #.# #.# #.# #...##.#
#.# #.# #.###)####.# ##.## ###.#
#.[.)># #.# ##...#####
###...#######[######.# #.........
...........#...h@..[.####.<.##.##
..........8#............##..##.#
##+++#######...########.##..##.#
..oooooW..###### #........#
$#####o...# ####..####
#....o###.# #..# #..8..#8#.#
#########..##### ...o......#
#......##....... ..._[)...8#
#.####.##.......


You could see a black bear (berserk, extremely poisoned).

Vanquished Creatures
  A black bear (D:4)
  A phantom (D:4)
  A scorpion (D:4)
  A water moccasin skeleton (D:5)
  A hound (D:4)
  2 iguanas
  2 orc wizards (D:4)
  A scorpion zombie (D:5)
  A hound skeleton (D:5)
  3 adders
  An adder zombie (D:5)
  A worm (D:5)
  15 orcs
  3 endoplasms (D:4)
  A giant cockroach (D:4)
  A hobgoblin (D:4)
  4 jackals (D:4)
  2 kobolds (D:4)
42 creatures vanquished.

Notes
Turn   | Place    | Note
-------+----------+-------------------------------------------
     0 | D:5      | cforsyth the Djinni Delver began the quest for the Orb.
     0 | D:5      | Reached XP level 1. HP: 20/20 MP: 0/0
    44 | D:5      | Reached skill level 1 in Spellcasting
    44 | D:5      | Reached skill level 1 in Conjurations
    44 | D:5      | Reached skill level 1 in Hexes
    44 | D:5      | Reached skill level 1 in Summonings
    44 | D:5      | Reached skill level 1 in Necromancy
    44 | D:5      | Reached skill level 1 in Translocations
    44 | D:5      | Reached skill level 1 in Transmutations
    44 | D:5      | Reached skill level 1 in Fire Magic
    44 | D:5      | Reached skill level 1 in Ice Magic
    44 | D:5      | Reached skill level 1 in Air Magic
    44 | D:5      | Reached skill level 1 in Earth Magic
    44 | D:5      | Reached skill level 1 in Poison Magic
    44 | D:5      | Reached XP level 2. HP: 4/26 MP: 0/0
    44 | D:5      | Reached XP level 3. HP: 5/31 MP: 0/0
    44 | D:5      | Learned a level 1 spell: Slow
    48 | D:5      | Reached XP level 4. HP: 4/37 MP: 0/0
   135 | D:5      | Noticed a phantom
   183 | D:5      | Reached skill level 4 in Fighting
   428 | D:4      | Noticed a scorpion
   480 | D:4      | Killed a scorpion
   481 | D:4      | Reached XP level 5. HP: 36/42 MP: 0/0
   481 | D:4      | Learned a level 2 spell: Poisonous Vapours
   669 | D:4      | Noticed a black bear
   731 | D:5      | Noticed a phantom
  1055 | D:4      | Reached XP level 6. HP: 49/49 MP: 0/0
  1102 | D:4      | Noticed a black bear
  1115 | D:4      | Killed a black bear
  1116 | D:4      | Reached skill level 5 in Fighting
  1677 | D:4      | Found a runed translucent gate.
  1677 | D:4      | Found a runed translucent gate.
  1679 | D:4      | Found a runed translucent gate.
  1680 | D:4      | Identified the +4 spear "Ihoissal" {heavy, Fragile rN+
                  | Will+++ rCorr}
  1682 | D:4      | Noticed cforsyth's ghost (weakling DjDe)
  2140 | D:5      | Reached XP level 7. HP: 47/54 MP: 0/0
  2140 | D:5      | Learned a level 3 spell: Mephitic Cloud
  2620 | D:4      | Reached skill level 6 in Fighting
  2803 | D:4      | Slain by a black bear

Illustrated notes

Levels and vault maps discovered:
D:4:      black_bear_nest_1, layout_loops_corners, biasface_ghost_orc_armoury
D:5:      layout_cave_pools, minmay_temple_entry_statues_fountains,
          serial_undead, serial_undead_d, serial_undead_b, serial_undead_b,
          serial_undead_d, kennysheep_generic_room_6

Skill      XL: |  1  2  3  4  5  6  7 |
---------------+----------------------+-----
Spellcasting   | 1 2 3 |  3.6
Conjurations   | 1 2 3 |  3.6
Hexes          | 1 2 3 |  3.6
Summonings     | 1 2 3 |  3.6
Necromancy     | 1 2 3 |  3.6
Translocations | 1 2 3 |  3.6
Transmutations | 1 2 3 |  3.6
Fire Magic     | 1 2 3 |  3.6
Ice Magic      | 1 2 3 |  3.6
Air Magic      | 1 2 3 |  3.6
Earth Magic    | 1 2 3 |  3.6
Poison Magic   | 1 2 3 |  3.6
Fighting       | 4 5 6 |  6.0
Long Blades    | |  1.7
Dodging        | |  2.1
Stealth        | |  4.1

Action                     |  1- 3 |  4- 6 |  7- 9 || total
---------------------------+-------+-------+-------++-------
  Melee: Falchion          |    14 |   136 |    52 ||   202
         Punch             |       |       |     1 ||     1
   Cast: Poisonous Vapours |       |    27 |    14 ||    41
    Use: Scroll            |       |     1 |       ||     1
         Potion            |       |     1 |       ||     1
   Stab: Sleeping          |       |     2 |       ||     2
         Distracted        |       |       |     1 ||     1
 Armour: Leather armour    |    12 |   104 |    69 ||   185
  Dodge: Dodged            |    14 |   129 |    40 ||   183

Table legend: (Time is in decaauts)
 A = Elapsed time spent in this place.
 B = Non-inter-level travel time spent in this place.
 C = Inter-level travel time spent in this place.
 D = Time resting spent in this place.
 E = Time spent auto-exploring this place.
 F = Levels seen in this place.
 G = Mean time per level.
                   A        B        C        D        E       F      G
               +--------+--------+--------+--------+--------+-----+--------+
         Total |   2849 |   2691 |    158 |    680 |   1433 |   2 | 1424.5 |
       Dungeon |   2849 |   2691 |    158 |    680 |   1433 |   2 | 1424.5 |
               +--------+--------+--------+--------+--------+-----+--------+

Top non-repeatable levels by time:
     D:4: 2355 daAuts
     D:5: 494 daAuts
